 Dungeon Crawl Stone Soup version 0.29.0-4-gdea44cf6ec (webtiles) character file.

Game seed: 127838255744800356

44 qw the Ruffian (level 3, -6/28 HPs)
             Began as a Ghoul Fire Elementalist on Aug 29, 2022.
             Mangled by an ice beast (7 damage)
             ... on level 3 of the Dungeon.
             The game lasted 00:01:31 (2291 turns).

qw the Ruffian (Ghoul Fire Elementalist)            Turns: 2291, Time: 00:01:31

Health: -6/28      AC:  7    Str: 13    XL:     3   Next: 62%
Magic:  4/4        EV:  9    Int: 10    God:
Gold:   98         SH:  0    Dex:  9    Spells: 4/5 levels left

rFire   . . .      SeeInvis .     - Unarmed
rCold   + . .      Faith    .   (no shield)
rNeg    + + +      Spirit   .   a - +0 scale mail
rPois   inf        Reflect  .   (no helmet)
rElec   .          Harm     .   (no cloak)
rCorr   .          Rampage  .   (no gloves)
Will    .....                   b - +0 pair of boots
Stlth   ..........              (no amulet)
HPRegen 0.00/turn               (no ring)
MPRegen 0.09/turn               (no ring)

@: about to teleport, inhibited regen
A: claws 1, cold resistance 1, negative energy resistance 3, inhibited
regeneration, torment resistance 2, devour on kill
a: no special abilities


You were on level 3 of the Dungeon.
You visited 1 branch of the dungeon, and saw 3 of its levels.

You collected 98 gold pieces.


Innate Abilities, Weirdness & Mutations

You are immune to poison.
You have sharp fingernails.
Your flesh is cold resistant. (rC+)
You are immune to negative energy. (rN+++)
You do not regenerate when monsters are visible.
You are immune to unholy pain and torment.
You thrive by killing the living.


   Skills:
 - Level 1.1 Fighting
 - Level 1.7 Dodging
 - Level 2.1 Stealth
 + Level 3.1 Unarmed Combat
 - Level 1.7 Spellcasting
 - Level 0.7 Conjurations
 - Level 2.4 Fire Magic


You had 4 spell levels left.
You knew the following spells:

 Your Spells              Type           Power      Damage    Failure   Level
a - Foxfire               Conj/Fire      16%        2x1d4     63%         1

Your spell library contained the following spells:

 Spells                   Type           Power      Damage    Failure   Level
 Scorch                   Fire           10%        2d5       65%         2
 Conjure Flame            Conj/Fire      4%         6-21      94%         3
 Inner Flame              Hex/Fire       3%         N/A       96%         3
 Flame Wave               Conj/Fire      4%         2d5       100%        4

Inventory:

Missiles
 f - 2 javelins (quivered)
Armour
 a - a +0 scale mail (worn)
 b - a +0 pair of boots (worn)
Scrolls
 h - a scroll of identify
Potions
 c - a potion of berserk rage {unknown}
 g - a potion of lignification {unknown}
 i - a potion of brilliance {unknown}
 l - a potion of degeneration {unknown}

Dungeon Overview and Level Annotations

Branches:
Dungeon (3/15)

Altars:

Shops:
D:1 =


Message History

The ice beast hits you but does no damage.
You scratch the ice beast.
The ice beast is moderately wounded.
The ice beast barely misses you.
You scratch the ice beast but do no damage.
The ice beast is moderately wounded.
The ice beast hits you. The ice beast freezes you. You resist.
You barely miss the ice beast.
The ice beast is moderately wounded.
The ice beast barely misses you.
You claw the ice beast!
The ice beast is heavily wounded.
The ice beast closely misses you.
You closely miss the ice beast.
The ice beast is heavily wounded.
The ice beast hits you but does no damage.
You scratch the ice beast.
The ice beast is severely wounded.
You completely miss the ice beast.
The ice beast is severely wounded.
The ice beast hits you but does no damage.
You scratch the ice beast but do no damage.
The ice beast is severely wounded.
The ice beast barely misses you.
You barely miss the ice beast.
The ice beast is severely wounded.
The ice beast hits you but does no damage.
You scratch the ice beast.
The ice beast is almost dead.
The ice beast hits you. The ice beast freezes you. You resist.
2290 ||| READING scroll of teleportation.
As you read the scroll of teleportation, it crumbles to dust.
You feel strangely unstable.
A rat comes into view.
The ice beast barely misses you.
An orc comes into view. It is wielding a +0 flail.
2291 ||| Stepping ~*~*~tactically~*~*~ (stealth).
The ice beast attacks as you move away! The ice beast hits you.
The ice beast freezes you! You resist.
You die...

######...## .#
... ..(..##.##.
##
..##.=........
o.
...).........
#.#.#..........
.............
#..#........
#)@#........
#..Y..r.....
#.##<....... #.
#.)...... ..
...#####.
##.###.# #. .#
#. .# ..


You could see an ice beast, an orc (wandering) and a rat (wandering).

Vanquished Creatures
  A worm (D:2)
  A dart slug (D:1)
  6 orcs
  3 giant cockroaches
  3 goblins (D:1)
  A hobgoblin (D:2)
  A kobold (D:1)
  3 quokkas
  3 ball pythons
  2 bats
  3 frilled lizards (D:1)
  5 rats
32 creatures vanquished.

Notes
Turn   | Place    | Note
-------+----------+-------------------------------------------
     0 | D:1      | qw the Ghoul Fire Elementalist began the quest for the Orb.
     0 | D:1      | Reached XP level 1. HP: 14/14 MP: 2/2
     0 | D:1      | 0 ||| qw: Version: 0.1-a-90-g952f4b7
     0 | D:1      | 0 ||| qw: Game counter: 4145
     0 | D:1      | 0 ||| qw: Always use a shield: true
     0 | D:1      | 0 ||| qw: God list: Okawaru
     0 | D:1      | 0 ||| qw: Allow faded altars: false
     0 | D:1      | 0 ||| qw: Do Orc after D:15 true
     0 | D:1      | 0 ||| qw: Do second Lair branch before Depths: true
     0 | D:1      | 0 ||| qw: Lair rune preference: random
     0 | D:1      | 0 ||| qw: Plans: Normal
     0 | D:1      | 0 ||| PLANNING D:1-11
   246 | D:1      | Reached skill level 1 in Unarmed Combat
   278 | D:1      | 278 ||| Stepping ~*~*~tactically~*~*~ (stealth).
   280 | D:1      | 280 ||| Stepping ~*~*~tactically~*~*~ (hiding).
   289 | D:1      | Reached skill level 1 in Fighting
   289 | D:1      | Reached XP level 2. HP: 23/23 MP: 3/3
   614 | D:1      | Found Weimnoaq's Jewellery Emporium.
   617 | D:1      | 617 ||| Stepping ~*~*~tactically~*~*~ (stealth).
   625 | D:1      | 625 ||| SHOPLISTING +4 ring of evasion (468 gold, have 0).
   625 | D:1      | 625 ||| SHOPLISTING +4 ring of protection (468 gold, have
                  | 0).
   625 | D:1      | 625 ||| SHOPLISTING amulet of regeneration (390 gold, have
                  | 0).
   625 | D:1      | 625 ||| SHOPLISTING ring of Vuetu {rF+ Int+6 Dex+4} (759
                  | gold, have 0).
   625 | D:1      | 625 ||| SHOPLISTING ring of protection from cold (325 gold,
                  | have 0).
   625 | D:1      | 625 ||| SHOPLISTING ring of see invisible (195 gold, have
                  | 0).
   755 | D:1      | 755 ||| Stepping ~*~*~tactically~*~*~ (stealth).
   757 | D:1      | 757 ||| Stepping ~*~*~tactically~*~*~ (stealth).
   765 | D:1      | 765 ||| Stepping ~*~*~tactically~*~*~ (stealth).
   766 | D:1      | 766 ||| Stepping ~*~*~tactically~*~*~ (stealth).
   852 | D:1      | Reached skill level 2 in Unarmed Combat
  1176 | D:1      | 1176 ||| DROPPING +6 ring of intelligence.
  1177 | D:1      | 1177 ||| READING scroll labelled BEULLU FEUCOSIBI.
  1178 | D:1      | 1178 ||| READING scroll labelled URINEH FYMOMA.
  1179 | D:1      | 1179 ||| READING 2 scrolls labelled TAHUQOTWAYNK.
  1180 | D:1      | 1180 ||| READING scroll labelled GUFROA PUEMOAT.
  1181 | D:1      | 1181 ||| READING scroll labelled LISSUONGINN.
  1182 | D:1      | 1182 ||| READING scroll labelled CEGEAXZIEH.
  1183 | D:1      | 1183 ||| DROPPING potion of magic.
  1184 | D:1      | 1184 ||| DROPPING scroll of vulnerability.
  1292 | D:2      | 1292 ||| Stepping ~*~*~tactically~*~*~ (stealth).
  1305 | D:2      | 1305 ||| Stepping ~*~*~tactically~*~*~ (stealth).
  1307 | D:2      | 1307 ||| Stepping ~*~*~tactically~*~*~ (stealth).
  1309 | D:2      | 1309 ||| Stepping ~*~*~tactically~*~*~ (stealth).
  1313 | D:2      | 1313 ||| Stepping ~*~*~tactically~*~*~ (stealth).
  1314 | D:2      | 1314 ||| Stepping ~*~*~tactically~*~*~ (stealth).
  1315 | D:2      | 1315 ||| Stepping ~*~*~tactically~*~*~ (stealth).
  1316 | D:2      | 1316 ||| Stepping ~*~*~tactically~*~*~ (stealth).
  1317 | D:2      | 1317 ||| Stepping ~*~*~tactically~*~*~ (stealth).
  1318 | D:2      | 1318 ||| Stepping ~*~*~tactically~*~*~ (stealth).
  1319 | D:2      | 1319 ||| Stepping ~*~*~tactically~*~*~ (stealth).
  1320 | D:2      | 1320 ||| Stepping ~*~*~tactically~*~*~ (stealth).
  1322 | D:2      | 1322 ||| Stepping ~*~*~tactically~*~*~ (stealth).
  1326 | D:2      | Reached XP level 3. HP: 28/28 MP: 4/4
  1943 | D:2      | 1943 ||| UPGRADING to +0 pair of boots.
  1948 | D:2      | 1948 ||| UPGRADING to +0 leather armour.
  1958 | D:2      | 1958 ||| DROPPING +0 robe.
  1959 | D:2      | 1959 ||| UPGRADING to +0 ring mail.
  1969 | D:2      | 1969 ||| DROPPING +0 leather armour.
  1970 | D:2      | 1970 ||| READING 2 scrolls labelled YTANKY RU MOTT.
  1971 | D:2      | 1971 ||| READING 2 scrolls labelled LUDDOO DEISERU.
  1974 | D:2      | 1974 ||| READING 2 scrolls labelled JAS TOMIENTE.
  1975 | D:2      | 1975 ||| DROPPING scroll of poison.
  2001 | D:3      | 2001 ||| Stepping ~*~*~tactically~*~*~ (stealth).
  2005 | D:3      | 2005 ||| Stepping ~*~*~tactically~*~*~ (stealth).
  2012 | D:3      | 2012 ||| Stepping ~*~*~tactically~*~*~ (outnumbered).
  2013 | D:3      | 2013 ||| STAIRDANCE
  2051 | D:3      | 2051 ||| STAIRDANCE
  2092 | D:2      | 2092 ||| UPGRADING to +0 scale mail.
  2102 | D:2      | 2102 ||| DROPPING +0 ring mail.
  2108 | D:3      | 2108 ||| STAIRDANCE
  2149 | D:3      | 2149 ||| STAIRDANCE
  2158 | D:2      | Reached skill level 3 in Unarmed Combat
  2170 | D:3      | 2170 ||| STAIRDANCE
  2219 | D:3      | Noticed an ice beast
  2220 | D:3      | 2220 ||| STAIRDANCE
  2270 | D:3      | 2270 ||| Stepping ~*~*~tactically~*~*~ (outnumbered).
  2274 | D:3      | 2274 ||| Stepping ~*~*~tactically~*~*~ (outnumbered).
  2289 | D:3      | HP: 3/28 [ice beast (6)]
  2290 | D:3      | 2290 ||| READING scroll of teleportation.
  2291 | D:3      | 2291 ||| Stepping ~*~*~tactically~*~*~ (stealth).
  2291 | D:3      | HP: 1/28 [ice beast (2)]
  2291 | D:3      | Mangled by an ice beast

Levels and vault maps discovered:
D:1:      dpeg_arrival_circle_labyrinth_c, layout_basic, serial_shops,
          nicolae_shop_competitors_out_of_business
D:2:      layout_rooms, hangedman_abyss_or_decor_stabs, grunt_decor_mini_mirrors
D:3:      layout_rooms, uniq_robin

Skill      XL: |  1  2  3 |
---------------+----------+-----
Unarmed Combat | 1 2 3 |  3.1
Fighting       | 1 |  1.1
Dodging        | |  1.7
Stealth        | |  2.1
Spellcasting   | |  1.7
Conjurations   | |  0.7
Fire Magic     | |  2.4

Action                   || total
-------------------------++-------
Melee: Unarmed           ||   108
       Punch             ||     1
Throw: Javelin           ||    31
  Use: Scroll            ||    10
Armor: Robe              ||    10
       Scale mail        ||    13
       Ring mail         ||     3
Dodge: Dodged            ||    52

Table legend:
 A = Non-vault XP
 B = Vault XP
 C = Vault XP percentage of total XP
 D = Non-vault monster count
 E = Vault monster count
 F = Vault count percentage of total count
                 A         B        C        D         E       F
            +---------+---------+-------+---------+---------+-------
      Total |      64 |       0 |   0.0 |      32 |       0 |   0.0
            +---------+---------+-------+---------+---------+-------
        D:1 |      29 |       0 |   0.0 |      18 |       0 |   0.0
        D:2 |      32 |       0 |   0.0 |      13 |       0 |   0.0
        D:3 |       3 |       0 |   0.0 |       1 |       0 |   0.0
            +---------+---------+-------+---------+---------+-------
